 Dungeon Crawl Stone Soup version 0.29-a0-322-g68df515428 (webtiles) character file.

Game seed: 2068222568287646157

5080 Morbidden the Ruffian (level 10, -6/85 (93) HPs)
             Began as a Troll Conjurer on Apr 8, 2022.
             Was an Elder of Jiyva.
             Mangled by a wight
             ... wielding a +0 falchion
              (10 damage)
             ... on level 9 of the Dungeon.
             The game lasted 00:12:31 (10955 turns).

Morbidden the Ruffian (Troll Conjurer)             Turns: 10955, Time: 00:12:31

HP:   -6/85 (93)    AC:  6    Str: 17      XL:     10   Next: 31%
MP:   14/14         EV: 10    Int: 15 (18) God:    Jiyva [****..]
Gold: 268           SH:  5    Dex:  7 (8)  Spells: 9/16 levels left

rFire   . . .      SeeInvis .     - Unarmed
rCold   . . .      Faith    .   (no shield)
rNeg    + . .      Spirit   .   w - +0 troll leather armour {Pargi}
rPois   .          Reflect  +   (helmet unavailable)
rElec   .          Harm     .   (no cloak)
rCorr   +          Rampage  .   (gloves unavailable)
Will    .....                   (boots unavailable)
Stlth   +.........              e - amulet of reflection
HPRegen 3.12/turn               o - ring of positive energy
MPRegen 0.54/turn               (no ring)

@: lethally poisoned (-6 -> -7), slowed, drained, very slow
A: large, unfitting armour, claws 3, regeneration 1, shaggy fur 1, tough skin 1,
horns 3, sense surroundings 1
a: Renounce Religion, Oozemancy, Slimify


You were on level 9 of the Dungeon.
You worshipped Jiyva.
Jiyva was greatly pleased with you.
You visited 2 branches of the dungeon, and saw 10 of its levels.
You also visited: Sewer.

You collected 268 gold pieces.

Inventory:

Missiles
 y - 2 boomerangs
Armour
 v - a +0 robe of willpower
 w - a +0 troll leather armour (worn) {Pargi}
 x - +0 acid dragon scales
 B - a +1 hat
Jewellery
 e - an amulet of reflection (around neck)
 o - a ring of positive energy (left claw)
Wands
 a - a wand of digging (6)
 r - a wand of iceblast (9)
 A - a wand of mindburst (4)
Scrolls
 c - 2 scrolls of teleportation
 j - a scroll of fog {unknown}
 l - a scroll of holy word {unknown}
 m - a scroll of immolation {unknown}
 p - a scroll of brand weapon {unknown}
 t - a scroll of torment
 z - a scroll of blinking {unknown}
 C - 2 scrolls of enchant armour
Potions
 b - 2 potions of magic
 d - a potion of mutation {unknown}
 f - 2 potions of curing
 g - a potion of attraction {unknown}
 h - a potion of invisibility
 k - a potion of might
 n - 2 potions of resistance
 q - a potion of flight {unknown}
 u - a potion of lignification {unknown}
 D - a potion of brilliance {unknown}


   Skills:
 * Level 4.2 Fighting
 + Level 2.8 Armour
 * Level 5.6 Dodging
 + Level 2.1 Stealth
 + Level 2.3 Shields
 + Level 6.6 Unarmed Combat
 * Level 3.5 Spellcasting
 * Level 5.6 Conjurations
 * Level 2.8 Translocations
 + Level 0.4 Evocations


You had 9 spell levels left.
You knew the following spells:

 Your Spells              Type           Power      Damage    Failure   Level
a - Magic Dart            Conj           76%        1d6       2%          1
b - Searing Ray           Conj           38%        2d5       3%          2
c - Iskenderun's Mystic   Conj/Tloc      15%        2d5       36%         4

Your spell library contained the following spells:

 Spells                   Type           Power      Damage    Failure   Level
 Apportation              Tloc           22%        N/A       7%          1
 Dazzling Flash           Conj/Hex       22%        N/A       22%         3
 Sublimation of Blood     Necr           2%         N/A       34%         2
 Fulminant Prism          Conj/Hex       5%         3d7       56%         4
 Hailstorm                Conj/Ice       11%        3d5       56%         4
 Irradiate                Conj/Tmut      5%         3d15      89%         5
 Ice Form                 Ice/Tmut       2%         N/A       92%         4
 Petrify                  Tmut/Erth      2%         N/A       92%         4
 Alistair's Intoxication  Tmut/Pois      1%         N/A       99%         5
 Simulacrum               Ice/Necr       1%         N/A       100%        6


Dungeon Overview and Level Annotations

Branches:
Dungeon (9/15)             Temple (1/1) D:4           Sewer (visited)
   Lair: D:8-11         Orc: D:9-12

Altars:
Ashenzari
Dithmenos
Elyvilon
Fedhas
Gozag
Hepliaklqana
Kikubaaqudgha
Makhleb
Nemelex Xobeh
Okawaru
Qazlal
Ru
Uskayaw
Vehumet
Wu Jian
Xom
Yredelemnul
The Shining One
Jiyva

Shops:
D:5 =

Annotations:
D:9 exclusion: ice statue


Innate Abilities, Weirdness & Mutations

You are too large for most types of armour.
You have claws for hands.
Your natural rate of healing is unusually fast.
You are covered in fur. (AC +1)
You have tough skin. (AC +1)
You have a pair of large horns on your head.
You passively map a small area around you.


Message History

The hornet is moderately wounded.
You feel yourself speed up.
You feel sick. The hornet closely misses you.
The wight hits you with a +0 falchion. The hornet stings you!
You shrug off the repeated paralysis!
Unknown command.
You miss the hornet. You claw the hornet.
The hornet is moderately wounded.
You feel sick. The hornet stings you!
* * * LOW HITPOINT WARNING * * *
You are more poisoned.
You feel yourself slow down. The wight closely misses you.
Unknown command.
Unknown command.
Unknown command.
Okay, then.
Okay, then.
Aiming: Iceblast
Press: ? - help, Shift-Dir - straight line The mass of ice explodes!
The iceblast engulfs the hornet!
The hornet is severely wounded.
You feel very sick. You block the hornet's attack.
The wight hits you with a +0 falchion.
* * * LOW HITPOINT WARNING * * *
The hornet barely misses you.
Unknown command.
Unknown command.
Unknown command.
Unknown command.
You feel better.
You feel yourself speed up. The hornet stings you!
* * * LOW HITPOINT WARNING * * *
You are poisoned.
You feel yourself slow down. The wight misses you. The hornet stings you!
* * * LOW HITPOINT WARNING * * *
You feel as though you will be slow longer.
You hear a distant slurping noise.
The wight hits you with a +0 falchion!
You die...

##..#...#...#.........###.
#......##..#####.##..≈≈≈≈≈
#...#...#..# #.*##≈≈≈≈≈≈
#####...)..# #. #≈≈...≈
####...# #. ≈≈..... #.)##
*#.. .##.## ##..###...#
5)!# ##........## ..$8$.
#...@......# ..#!=[#
##..yz.###.. ≈≈.##.##
##....... , ≈≈....5
#......... *#≈≈..54
........#. ##≈≈≈44≈
.........#.##..≈≈≈≈≈ *
#..#.....#......###. ..#
.............#.. * ,,
#.....


You could see a hornet and a wight.

Vanquished Creatures
  Gastronok (D:8)
  A boulder beetle (D:8)
  A two-headed ogre (D:8)
  Maggie (D:6)
  Grinder (D:6)
  A wraith (D:9)
  4 yaks (D:9)
  A wyvern (D:9)
  2 water moccasins
  Pargi (Sewer)
  2 ice beasts (D:7)
  3 orc warriors
  A black bear (D:6)
  A sky beast (D:6)
  3 ogres
  3 centaurs
  2 bullfrogs
  4 wights (D:9)
  A hound (D:6)
  An orc priest (D:6)
  4 iguanas
  Terence (D:2)
  Natasha (thrice) (D:2)
  3 orc wizards
  2 gnolls (D:7)
  11 adders
  A shadow imp (D:5)
  4 white imps
  3 dart slugs
  15 orcs
  5 bats
  9 endoplasms
  6 giant cockroaches
  8 goblins
  5 hobgoblins
  4 quokkas
  8 ball pythons
  5 frilled lizards
  3 kobolds
  3 rats
138 creatures vanquished.

Vanquished Creatures (others)
  A scorpion (D:7)
  19 jellies
  An orc priest (D:8)
  2 hounds
  2 orc wizards (D:7)
  2 adders (D:5)
  An ufetubus (D:9)
  5 orcs
  A hobgoblin (D:4)
  A quokka (D:5)
  3 demonic plants (D:2)
38 creatures vanquished.

Grand Total: 176 creatures vanquished

Notes
Turn   | Place    | Note
-------+----------+-------------------------------------------
     0 | D:1      | Morbidden the Troll Conjurer began the quest for the Orb.
     0 | D:1      | Reached XP level 1. HP: 16/16 MP: 1/1
   174 | D:1      | Reached XP level 2. HP: 24/24 MP: 2/2
   455 | D:1      | Learned a level 2 spell: Searing Ray
   885 | D:2      | Noticed Natasha
   889 | D:2      | Killed Natasha
   890 | D:2      | Reached XP level 3. HP: 23/32 MP: 3/3
   979 | D:2      | Noticed Natasha
  1023 | D:2      | Killed Natasha
  1024 | D:2      | Reached XP level 4. HP: 26/40 MP: 1/5
  1188 | D:2      | Noticed Terence
  1205 | D:2      | Killed Terence
  1206 | D:2      | Reached skill level 1 in Fighting
  1206 | D:2      | Reached skill level 1 in Unarmed Combat
  1668 | D:2      | Noticed Natasha
  1673 | D:2      | Killed Natasha
  1750 | D:2      | Reached XP level 5. HP: 48/48 MP: 2/6
  4516 | D:4      | Found a staircase to the Ecumenical Temple.
  4565 | Temple   | Entered the Ecumenical Temple
  4578 | Temple   | Became a worshipper of Jiyva Jamofezu the Shapeless
  4934 | D:4      | Noticed an ogre
  4937 | D:4      | Noticed an ogre
  4940 | D:4      | Killed an ogre
  4941 | D:4      | Reached skill level 1 in Shields
  4941 | D:4      | Reached skill level 2 in Unarmed Combat
  4941 | D:4      | Reached XP level 6. HP: 16/55 MP: 7/7
  6557 | D:5      | Entered Level 5 of the Dungeon
  6607 | D:5      | Found a stormy altar of Qazlal.
  6629 | D:5      | Reached * piety under Jiyva
  6827 | D:5      | Found Voawew's Jewellery Boutique.
  6852 | D:5      | Found a glowing drain.
  6874 | Sewer    | Entered a sewer
  6960 | Sewer    | Noticed Pargi
  6972 | Sewer    | Killed Pargi
  6973 | Sewer    | Reached XP level 7. HP: 28/65 MP: 9/9
  7270 | D:5      | Reached ** piety under Jiyva
  7510 | D:5      | Reached skill level 3 in Unarmed Combat
  7542 | D:6      | Noticed Maggie
  7585 | D:6      | Killed Maggie
  7586 | D:6      | Reached skill level 1 in Armour
  7586 | D:6      | Reached XP level 8. HP: 34/74 MP: 10/10
  7756 | D:6      | Learned a level 4 spell: Iskenderun's Mystic Blast
  7870 | D:6      | Noticed Grinder
  7888 | D:6      | Killed Grinder
  8869 | D:7      | Found a burning altar of Makhleb.
  8947 | D:7      | Reached skill level 4 in Unarmed Combat
  9002 | D:7      | Reached *** piety under Jiyva
  9389 | D:7      | Found a hazy altar of Hepliaklqana.
  9406 | D:7      | Reached skill level 1 in Translocations
  9565 | D:7      | Found a radiant altar of Vehumet.
  9565 | D:7      | Found a faded altar of an unknown god.
  9572 | D:7      | Found a glowing golden altar of the Shining One.
  9574 | D:7      | Found a sparkling altar of Nemelex Xobeh.
  9576 | D:7      | Found a blossoming altar of Fedhas.
  9653 | D:8      | Noticed a boulder beetle
  9669 | D:8      | Killed a boulder beetle
  9670 | D:8      | Reached skill level 5 in Unarmed Combat
  9670 | D:8      | Reached skill level 5 in Conjurations
  9670 | D:8      | Reached XP level 9. HP: 80/83 MP: 12/12
  9818 | D:8      | Found an ornate altar of the Wu Jian Council.
  9892 | D:8      | Gained mutation: You have a pair of small horns on your
                  | head. [Jiyva's grace]
  9892 | D:8      | Gained mutation: You have a pair of horns on your head.
                  | [Jiyva's grace]
  9892 | D:8      | Gained mutation: You have a pair of large horns on your
                  | head. [Jiyva's grace]
  9892 | D:8      | Gained mutation: You passively map a small area around you.
                  | [Jiyva's grace]
  9892 | D:8      | Noticed Gastronok
  9905 | D:8      | Killed Gastronok
 10351 | D:8      | Noticed a two-headed ogre
 10358 | D:8      | Killed a two-headed ogre
 10359 | D:8      | Reached skill level 5 in Dodging
 10359 | D:8      | Reached skill level 6 in Unarmed Combat
 10466 | D:8      | Found an opulent altar of Gozag.
 10468 | D:8      | Found a sacrificial altar of Ru.
 10468 | D:8      | Found a hide-covered altar of Uskayaw.
 10807 | D:9      | Reached XP level 10. HP: 57/92 MP: 14/14
 10810 | D:9      | Reached **** piety under Jiyva
 10893 | D:9      | Noticed an ice statue
 10951 | D:9      | Paralysed by a hornet for 1 turns
 10955 | D:9      | HP: 4/85 [hornet (11)]
 10955 | D:9      | Mangled by a wight

Illustrated notes

Levels and vault maps discovered:
D:1:      evilmike_arrival_home_sweet_home, layout_loops_ring
D:2:      kennysheep_the_goblin_king, layout_loops_ring,
          dreamdust_princess_corridor, uniq_natasha, uniq_terence
D:3:      layout_basic
D:4:      layout_gridville, minmay_temple_entry_grid
D:5:      layout_layer_cave, overflow_temple_1_default, serial_shops,
          nicolae_shop_hallway_plus, portal_sewer_entry_f
D:6:      layout_loops_ring, uniq_maggie, uniq_grinder
D:7:      layout_loops_ring, mainiacjoe_overflow_alcove_1,
          lightli_temple_of_fire, chequers_temple_overflow_minitemple,
          sigmund_army
D:8:      layout_layer_cave, mainiacjoe_overflow_paths,
          chequers_temple_overflow_statue_of_worship, uniq_gastronok
D:9:      cheibrodos_frozen_isle, layout_cave_pools, gammafunk_ghost_cemetery,
          special_room [special_room_bee]
Temple:   pf_slimified_temple

Skill      XL: |  1  2  3  4  5  6  7  8  9 |
---------------+----------------------------+-----
Conjurations   | 3 4 5 |  5.6
Dodging        | 2 3 4 5 |  5.6
Fighting       | 1 2 3 4 |  4.2
Unarmed Combat | 1 2 3 5 6 |  6.6
Shields        | 1 2 |  2.3
Spellcasting   | 2 3 |  3.5
Armour         | 1 2 |  2.8
Translocations | 1 2 |  2.8
Stealth        | 2 |  2.1
Evocations     | |  0.4

Action                   |  1- 3 |  4- 6 |  7- 9 | 10-12 || total
-------------------------+-------+-------+-------+-------++-------
Melee: Unarmed           |    89 |   131 |   157 |    64 ||   441
       Punch             |     1 |     2 |     2 |     1 ||     6
       Headbutt          |       |       |     5 |     8 ||    13
 Cast: Magic Dart        |     7 |    85 |    12 |     2 ||   106
       Searing Ray       |     1 |     1 |    14 |     1 ||    17
Invok: Oozemancy         |       |       |     1 |       ||     1
Evoke: Wand              |       |     3 |     5 |     1 ||     9
  Use: Scroll            |       |     2 |     3 |     1 ||     6
       Potion            |       |       |     3 |     4 ||     7
 Stab: Sleeping          |     2 |     2 |     1 |       ||     5
       Invisible         |       |       |     1 |       ||     1
Armor: Robe              |    17 |    38 |       |       ||    55
       Troll leather arm |       |       |    54 |    13 ||    67
Dodge: Dodged            |    21 |    63 |    76 |    31 ||   191
Block: Other             |    15 |    35 |    40 |    16 ||   106
       Reflection        |     1 |     1 |     1 |     4 ||     7

Table legend: (Time is in decaauts)
 A = Elapsed time spent in this place.
 B = Non-inter-level travel time spent in this place.
 C = Inter-level travel time spent in this place.
 D = Time resting spent in this place.
 E = Time spent auto-exploring this place.
 F = Levels seen in this place.
 G = Mean time per level.
                   A        B        C        D        E       F      G
               +--------+--------+--------+--------+--------+-----+--------+
         Total |  10979 |  10525 |    454 |   1464 |   7494 |  11 |  998.1 |
       Dungeon |  10776 |  10334 |    442 |   1464 |   7381 |   9 | 1197.3 |
        Temple |     26 |     14 |     12 |      0 |      7 |   1 |   26.0 |
         Sewer |    176 |    176 |      0 |      0 |    106 |   1 |  176.0 |
               +--------+--------+--------+--------+--------+-----+--------+

Top non-repeatable levels by time:
     D:2: 2767 daAuts
     D:3: 1895 daAuts
     D:6: 1292 daAuts
     D:1: 1168 daAuts
     D:8: 1158 daAuts
     D:7: 832 daAuts
     D:5: 773 daAuts
     D:4: 706 daAuts
     D:9: 181 daAuts
   Sewer: 176 daAuts
  Temple: 26 daAuts
